 Dungeon Crawl Stone Soup version 0.17-a0-1939-ga475588 (webtiles) character file.

161 ololoev the Slasher (level 5, -5/36 HPs)
             Began as a High Elf Fighter on Sept 29, 2015.
             Slain by an ogre
             ... wielding a +0 giant club
              (22 damage)
             ... on level 4 of the Dungeon.
             The game lasted 00:07:33 (1147 turns).

ololoev the Slasher (High Elf Fighter)              Turns: 1147, Time: 00:07:33

Health: -5/36      AC: 13    Str: 13 (16) XL:     5   Next: 18%
Magic:  6/6        EV:  3    Int: 12      God:
Gold:   187        SH:  9    Dex: 14      Spells: 0 memorised, 4 levels left

rFire  . . .     SeeInvis .     a - +0 long sword
rCold  + . .     Clarity  .     b - +3 chain mail "Suleorix" {rPois rC+ Stlth+}
rNeg   . . .     SustAt   .     c - +0 shield
rPois  +         Gourm    .     i - +0 helmet
rElec  .         Spirit   .     (no cloak)
rCorr  +         Warding  .     (no gloves)
rMut   .         Stasis   .     (no boots)
MR     .....                    o - amulet of resist corrosion
Stlth  ..........               (no ring)
                                (no ring)

@: not resistant to hostile enchantments, extremely unstealthy
A: no striking features
a: no special abilities

Inventory:

Hand weapons
 a - a +0 long sword (weapon)
Missiles
 j - 2 throwing nets (quivered)
Armour
 b - the +3 chain mail "Suleorix" (worn) {rPois rC+ Stlth+}
   (You found it on level 5 of the Dungeon)

   It protects you from cold.
   It protects you from poison.
   It makes you more stealthy.
 c - a +0 shield (worn)
 i - a +0 helmet (worn)
Jewellery
 o - an amulet of resist corrosion (around neck)
Magical devices
 d - a wand of polymorph (4)
Scrolls
 f - 4 scrolls of identify {unknown}
 k - a scroll of noise {unknown}
 m - a scroll of enchant armour {unknown}
 p - a scroll of fear {unknown}
 q - a scroll of remove curse {unknown}
 r - a scroll of teleportation {unknown}
 s - a scroll of immolation {unknown}
 t - a scroll of fog {unknown}
 w - a scroll of recharging {unknown}
Potions
 v - a potion of heal wounds
Comestibles
 e - a bread ration
 g - a meat ration
 h - 2 chunks of flesh


   Skills:
 + Level 3.5 Fighting
 * Level 4.7 Long Blades
 + Level 3.3 Armour
 + Level 3.4 Shields


You had 4 spell levels left.
You didn't know any spells.


You were on level 4 of the Dungeon.
You were not hungry.

You visited 1 branch of the dungeon, and saw 5 of its levels.

You collected 187 gold pieces.

#### ..#####
#.#...
#####.#.###
#.@.......# #
#....O#.#.#.#.#
#.#...#.#.....#
#.......#...###
##########.###
#.......##.#
#.......##.#
#.......##.#
#.......##.#

Notes
Turn   | Place    | Note
--------------------------------------------------------------
     0 | D:1      | ololoev the High Elf Fighter began the quest for the Orb.
     0 | D:1      | Reached XP level 1. HP: 16/16 MP: 2/2
    82 | D:2      | Noticed Robin
   103 | D:2      | Killed Robin
   103 | D:2      | Reached XP level 2. HP: 10/21 MP: 3/3
   154 | D:2      | Reached XP level 3. HP: 8/26 MP: 4/4
   357 | D:2      | Found a shattered altar of Ashenzari.
   367 | D:2      | Noticed Terence
   370 | D:2      | Found a glowing silver altar of Zin.
   693 | D:3      | Reached XP level 4. HP: 31/31 MP: 5/5
   721 | D:3      | Reached skill level 4 in Long Blades
   849 | D:5      | Entered Level 5 of the Dungeon
   988 | D:5      | Noticed a phantom
  1014 | D:5      | Got a heavily runed chain mail
  1044 | D:4      | Identified the +3 chain mail "Suleorix" {rPois rC+ Stlth+} (You found it on level 5 of the Dungeon)
  1117 | D:4      | Reached XP level 5. HP: 13/36 MP: 6/6
  1145 | D:4      | Noticed an ogre
  1147 | D:4      | Slain by an ogre

Dungeon Overview and Level Annotations

Branches:
Dungeon (5/15)
 Temple: D:4-7

Altars:
Ashenzari
Zin

Annotations:
D:2 Terence


Message History

You kill the orc!
You hear some strange, mumbled words.
You are confused.
Items here: ( )) [ †† Drink which item? (? for menu, Esc to quit)
You feel better. Something hits you but does no damage.
You closely miss something. Something hits you but does no damage.
You hit something.
You hear some strange, mumbled words.
A puff of flame appears from out of thin air!
The puff of flame hits you!
You hit something. Something hits you but does no damage.
You barely miss something. Something hits you but does no damage.
You block its attack.
You hit something but do no damage. Something hits you but does no damage.
You miss something. Something hits you but does no damage.
You hit something. Something hits you but does no damage.
Something hits you but does no damage.
Your shield and chain mail "Suleorix" prevent you from hitting something.
Something hits you but does no damage.
You slash something!
Reactivating autopickup.
You have reached level 5!
You feel a bit more experienced.
Items here: ( ))) [[ ††† Butcher an orc corpse? [(y)es/(c)hop/(n)o/(a)ll/(q)uit/?]
Butcher an orc corpse? [(y)es/(c)hop/(n)o/(a)ll/(q)uit/?]
Okay, then.
You butcher the orc corpse.
h - 3 chunks of flesh
Items here: ( ))) [[ †† Unknown command.
Eat one of 3 chunks of flesh? (ye/n/q/i?) This raw flesh tastes terrible.
You continue eating. x2
An ogre comes into view. It is wielding a giant club.
The ogre shouts!
The ogre hits you with a giant club!!
Ouch! That really hurt!
You die...

You could see an ogre.

Vanquished Creatures
  2 orc wizards
  A worker ant (D:4)
  Robin (D:2)
  2 adders
  2 worms (D:2)
  A giant gecko (D:2)
  6 orcs
  4 bats
  9 goblins
  4 hobgoblins
  2 quokkas
  A giant cockroach (D:2)
  A giant newt (D:2)
  A kobold (D:3)
  2 rats
  A fungus (D:5)
40 creatures vanquished.

Action                   |  1- 3 |  4- 6 || total
-------------------------+-------+-------++-------
Melee: Unarmed           |    13 |       ||    13
       Long sword        |    96 |   116 ||   212
  Use: Potion            |     2 |     4 ||     6
  Eat: Chunk             |       |     1 ||     1

Vault maps used:
D:1:      onia_arrival_mini_maze
D:2:      overflow_temple_1_default, kennysheep_flooded_box, uniq_terence,
          uniq_robin
D:3:      uniq_natasha
D:4:      first_bread, hangedman_abyss_or_decor_slice
D:5:      temple_green, minivault_26, minmay_gold_behind_fungi
